 Dungeon Crawl Stone Soup version 0.30.1-11-g7821555f0a (webtiles) character file.

Game seed: 17323876739193664383

33 MrIGI the Shield-Bearer (level 3, -3/36 HPs)
             Began as a Troll Fighter on Dec 20, 2023.
             Slain by a gnoll
             ... wielding a +0 flail
              (9 damage)
             ... on level 2 of the Dungeon.
             The game lasted 00:01:22 (729 turns).

MrIGI the Shield-Bearer (Troll Fighter)              Turns: 729, Time: 00:01:23

Health: -3/36      AC:  5    Str: 26    XL:     3   Next: 12%
Magic:  2/2        EV:  9    Int:  4    God:
Gold:   12         SH:  7    Dex:  9    Spells: 2/2 levels left

rFire   + .          .
                       - Unarmed
rCold   x . .        b - +0 kite shield
rNeg    . . .        a - +0 robe
rPois   .            (helmet restricted)
rElec   .            l - +0 cloak
rCorr   .            (gloves unavailable)
SInv    .            (boots unavailable)
Will    .....        (no amulet)
Stlth   +            j - ring of fire
HPRegen 1.06/turn    (no ring)
MPRegen 0.08/turn

%: no passive effects
@: no status effects
A: large, unfitting armour, claws 3, regeneration 1, shaggy fur 1, tough skin 1
a: no special abilities


You were on level 2 of the Dungeon.
You visited 1 branch of the dungeon, and saw 2 of its levels.

You collected 12 gold pieces.

Inventory:

Armour
 a - a +0 robe (worn)
 b - a +0 kite shield (worn)
 l - a +0 cloak (worn)
Jewellery
 j - a ring of fire (left claw)
Scrolls
 d - a scroll of enchant weapon {unknown}
 f - a scroll of brand weapon {unknown}
 h - a scroll of teleportation {unknown}
 i - a scroll of fear {unknown}
 k - a scroll of identify {unknown}
Potions
 c - 2 potions of might
 e - 3 potions of flight {unknown}
 g - a potion of lignification {unknown}
 m - a potion of degeneration {unknown}


   Skills:
 + Level 2.7 Fighting
 + Level 2.7 Dodging
 + Level 3.0 Shields
 * Level 2.5 Unarmed Combat


You had 2 spell levels left.
You didn't know any spells.
Your spell library contained the following spells:

 Spells                   Type           Power      Damage    Failure   Level
 Foxfire                  Conj/Fire      0%         2x1d4     75%         1
 Portal Projectile        Hex/Tloc       0%         N/A       98%         3
 Tukima's Dance           Hex            0%         N/A       98%         3
 Blade Hands              Tmut           0%         N/A       100%        5
 Fireball                 Conj/Fire      0%         3d3       100%        5
 Plasma Beam              Fire/Air       0%         2x1d11    100%        6
 Starburst                Conj/Fire      0%         6d3       100%        6


Dungeon Overview and Level Annotations

Branches:
Dungeon (2/15)

Altars:


Innate Abilities, Weirdness & Mutations

You are too large for most types of armour.
You have claws for hands.
Your natural rate of healing is unusually fast.
You are covered in fur. (AC +1)
You have tough skin. (AC +1)


Message History

You closely miss the gnoll. The gnoll hits you with a +0 whip.
The gnoll hits you from afar with a +0 spear.
You barely miss the gnoll. The gnoll hits you with a +0 whip.
The gnoll hits you from afar with a +0 spear.
The gnoll misses you.
You are too injured to fight recklessly!
You are too injured to fight recklessly!
You are too injured to fight recklessly!
You are too injured to fight recklessly!
You claw the gnoll!
The gnoll is severely wounded.
You block the gnoll's attack. The gnoll completely misses you.
The gnoll hits you with a +0 flail!
* * * LOW HITPOINT WARNING * * *
You closely miss the gnoll.
The gnoll is severely wounded.
The gnoll closely misses you. You block the gnoll's attack. x2
You barely miss the gnoll.
The gnoll is severely wounded.
The gnoll barely misses you.
The gnoll hits you from afar with a +0 spear.
* * * LOW HITPOINT WARNING * * *
The gnoll barely misses you. You block the gnoll's attack.
The gnoll hits you with a +0 whip.
* * * LOW HITPOINT WARNING * * *
The gnoll barely misses you. The gnoll attacks as you move away!
The gnoll barely misses you. The gnoll closely misses you.
The gnoll attacks as you move away! The gnoll hits you with a +0 whip.
* * * LOW HITPOINT WARNING * * *
You closely miss the gnoll. The gnoll closely misses you.
You scratch the gnoll.
The gnoll is almost dead.
The gnoll closely misses you. You block the gnoll's attack.
The gnoll hits you from afar with a +0 spear.
* * * LOW HITPOINT WARNING * * *
You closely miss the gnoll.
The gnoll is almost dead.
The gnoll hits you but does no damage. x2; The gnoll hits you with a +0 flail!
You die...

. ..# ##### ...
##....( ..
##...###.##
#.#.#g##.......
#.....g@.#
###..##g.....#
#.. ####.###
...# # ####


You could see 3 gnolls.

Vanquished Creatures
  A gnoll (D:2)
  3 bats (D:1)
  3 endoplasms (D:1)
  4 giant cockroaches (D:1)
  3 goblins (D:1)
  4 ball pythons (D:1)
  A frilled lizard (D:1)
  2 kobolds (D:1)
  3 rats (D:1)
24 creatures vanquished.

Notes
Turn   | Place    | Note
-------+----------+-------------------------------------------
     0 | D:1      | MrIGI the Troll Fighter began the quest for the Orb.
     0 | D:1      | Reached XP level 1. HP: 22/22 MP: 0/0
   108 | D:1      | Reached XP level 2. HP: 29/29 MP: 1/1
   388 | D:1      | Reached skill level 3 in Shields
   720 | D:2      | Reached XP level 3. HP: 28/36 MP: 2/2
   729 | D:2      | Slain by a gnoll

Illustrated notes

Levels and vault maps discovered:
D:1:      saegor_arrival_simple_c, layout_basic, st_stairs_9
D:2:      layout_loops_cross, basic_altar,
          dreamdust_ecumenical_altar_angels_and_demons, minmay_rat_hole

Skill      XL: |  1  2 |
---------------+-------+-----
Shields        | 3 |  3.0
Fighting       | |  2.7
Dodging        | |  2.7
Unarmed Combat | |  2.5

Action                     || total
---------------------------++-------
  Melee: Unarmed           ||    60
 Armour: Robe              ||    23
  Dodge: Dodged            ||    33
  Block: Kite shield       ||    38
